 Dungeon Crawl Stone Soup version 0.28-a0-792-g75f770b44e (webtiles) character file.

Game seed: 3895243764561186446

1097 Essalna the Firebug (level 8, 0/41 HPs)
             Began as a Gargoyle Fire Elementalist on Nov 3, 2021.
             Slain by a phantom (8 damage)
             ... on level 6 of the Dungeon.
             The game lasted 00:13:16 (6185 turns).

Essalna the Firebug (Gargoyle Fire Elementalist)    Turns: 6185, Time: 00:13:16

Health: 0/41       AC: 11    Str: 12    XL:     8   Next: 31%
Magic:  6/16       EV: 16    Int: 18    God:
Gold:   139        SH:  0    Dex: 13    Spells: 10/17 levels left

rFire   . . .      SeeInvis .   o - +2 hand axe (vorpal)
rCold   . . .      Faith    .   (no shield)
rNeg    + . .      Spirit   .   s - +1 robe of Fedhas's Delight {Dex+3}
rPois   ∞          Reflect  .   r - +1 helmet
rElec   +          Harm     .   (no cloak)
rCorr   .          Rampage  .   b - +0 pair of gloves
Will    .....                   (no boots)
Stlth   ++........              (no amulet)
HPRegen 0.13/turn               m - ring of wizardry
MPRegen 0.15/turn               w - +4 ring of evasion

@: weak-willed
A: sickness immunity, AC +5, negative energy resistance 1, electricity
resistance, torment resistance 1, petrification resistance
a: no special abilities


You were on level 6 of the Dungeon.
You visited 1 branch of the dungeon, and saw 6 of its levels.

You collected 139 gold pieces.

Inventory:

Hand Weapons
 i - a +0 dagger
 o - a +2 vorpal hand axe (weapon)
Armour
 a - a +0 robe
 b - a +0 pair of gloves (worn)
 q - a +0 pair of gloves
 r - a +1 helmet (worn)
 s - the +1 robe of Fedhas's Delight (worn) {Dex+3}
   (You found it on level 4 of the Dungeon)

   Dex:       It affects your dexterity (+3).
Jewellery
 m - a ring of wizardry (left hand)
 p - a ring of willpower
 w - a +4 ring of evasion (right hand)
Scrolls
 c - 2 scrolls of identify
 e - 2 scrolls of fog
 v - a scroll of noise {unknown}
Potions
 d - 2 potions of brilliance
 f - 2 potions of attraction {unknown}
 j - a potion of might {unknown}
 k - a potion of lignification {unknown}
 l - a potion of flight {unknown}
 n - 3 potions of curing {unknown}
 u - a potion of resistance {unknown}


   Skills:
 - Level 1.5 Dodging
 - Level 2.1 Stealth
 + Level 5.3 Spellcasting
 + Level 6.0 Conjurations
 + Level 6.2 Fire Magic


You had 10 spell levels left.
You knew the following spells:

 Your Spells              Type           Power      Damage    Failure   Level
a - Foxfire               Conj/Fire      100%       2x1d9     1%          1
b - Scorch                Fire           54%        2d8       1%          2
c - Flame Wave            Conj/Fire      26%        3d6       4%          4

Your spell library contained the following spells:

 Spells                   Type           Power      Damage    Failure   Level
 Conjure Flame            Conj/Fire      26%        6-21      1%          3
 Inner Flame              Hex/Fire       16%        N/A       4%          3
 Animate Skeleton         Necr           8%         N/A       5%          1
 Beastly Appendage        Tmut           8%         N/A       5%          1
 Pain                     Necr           16%        1d4       5%          1
 Wereblood                Tmut           4%         N/A       8%          2
 Spider Form              Tmut/Pois      4%         N/A       16%         3
 Vampiric Draining        Necr           4%         2d6       16%         3


Dungeon Overview and Level Annotations

Branches:
Dungeon (6/15)
 Temple: D:4-7

Altars:
Cheibriados
Elyvilon
Gozag
Okawaru
Qazlal
Ru
Sif Muna
Trog

Annotations:
D:5 Dowan


Innate Abilities, Weirdness & Mutations

You are immune to sickness and miasma.
Your stone body is resilient. (AC +5)
You are immune to poison.
You resist negative energy. (rN+)
You are resistant to electric shocks. (rElec)
You are resistant to unholy torment.
You are immune to petrification.


Message History

The jelly is moderately wounded.
The jelly's fire resistance burns away.
You are engulfed in a cloud of scalding steam.
The steam dragon barely misses you. The steam dragon misses you.
The bullfrog skeleton closely misses you.
Casting: Scorch (safe; 1% risk of failure)
Confirm with . or Enter, or press ? or * to list all spells.
Flames lash the jelly.
The jelly is burned terribly!
You kill the jelly!
The steam dragon bites you.
* * * LOW HITPOINT WARNING * * *
The steam dragon claws you.
* * * LOW HITPOINT WARNING * * *
The bullfrog skeleton completely misses you.
Your Conjurations skill increases to level 6!
As you read the scroll labelled RIBETO DEQO, it crumbles to dust.
It is a scroll of identify.
d - 2 potions of brilliance The bullfrog skeleton closely misses you.
The steam dragon barely misses you. The steam dragon misses you.
Okay, then.
Unknown command.
As you read the scroll labelled RIPTIJ ERHOOTH, it crumbles to dust.
The scroll dissolves into smoke.
It was a scroll of fog.
The bullfrog skeleton misses you. The phantom hits you.
* * * LOW HITPOINT WARNING * * *
The phantom blinks!
You blink.
As you read the scroll labelled FOMMU UBUYGA, it crumbles to dust.
It is a scroll of enchant armour.
Your +0 helmet glows green for a moment.
The phantom misses you.
As you read the scroll labelled QITTUT XOAKYT, it crumbles to dust.
It is a scroll of amnesia.
Really abort (and waste the scroll)?
Okay, then.
The phantom closely misses you.
As you read the scroll labelled WEYTUST GAIP, it crumbles to dust.
Magic quickly surges around you.
It was a scroll of vulnerability.
The phantom hits you!
You die...

#..........
##+#.§D.......
####.§§§§§§§#
......§§§.§##
###...§#D§.§..#
#.............
##..Z#...###...
#W......... ..
#.@...###### .
#.....# #.....#
#.....# #.....#
#.###.# #. .#
#. .#


You could see a steam dragon (weak-willed), a phantom (weak-willed) and a
bullfrog skeleton (weak-willed).

Vanquished Creatures
  A water moccasin (D:3)
  An orc warrior (D:4)
  A sky beast (D:5)
  2 ogres (D:4)
  2 scorpions
  2 centaur skeletons
  A jelly (D:6)
  4 orc priests
  3 iguanas
  An orc wizard (D:4)
  A hound skeleton (D:4)
  6 gnolls
  5 adders
  An adder skeleton (D:4)
  2 worms (D:2)
  3 dart slugs
  11 orcs
  10 bats
  5 endoplasms
  7 hobgoblins
  2 jackals (D:4)
  9 quokkas
  7 ball pythons
  2 frilled lizards
  4 goblins
  6 kobolds
  5 rats
  A spectral goblin (D:2)
105 creatures vanquished.

Vanquished Creatures (others)
  403 foxfires
  5 plants (D:2)
408 creatures vanquished.

Grand Total: 513 creatures vanquished

Notes
Turn   | Place    | Note
-------+----------+-------------------------------------------
     0 | D:1      | Essalna the Gargoyle Fire Elementalist began the quest for
                  | the Orb.
     0 | D:1      | Reached XP level 1. HP: 10/10 MP: 3/3
   480 | D:1      | Reached XP level 2. HP: 15/15 MP: 0/5
  1086 | D:1      | Reached XP level 3. HP: 19/19 MP: 2/6
  1701 | D:2      | Found a faded altar of an unknown god.
  2025 | D:2      | Reached XP level 4. HP: 24/24 MP: 4/8
  2309 | D:2      | Learned a level 2 spell: Scorch
  2314 | D:2      | Learned a level 4 spell: Flame Wave
  2963 | D:3      | Reached XP level 5. HP: 18/28 MP: 4/9
  3326 | D:3      | Found a stormy altar of Qazlal.
  3470 | D:3      | Noticed a water moccasin
  3478 | D:3      | Killed a water moccasin
  3479 | D:3      | Reached XP level 6. HP: 32/32 MP: 3/11
  3479 | D:3      | Found a bloodstained altar of Trog.
  3482 | D:3      | Found an opulent altar of Gozag.
  3485 | D:3      | Found a sacrificial altar of Ru.
  3798 | D:3      | Found a snail-covered altar of Cheibriados.
  3799 | D:3      | Found an iron altar of Okawaru.
  4207 | D:4      | Reached skill level 5 in Fire Magic
  4207 | D:4      | Reached XP level 7. HP: 31/36 MP: 0/13
  4651 | D:4      | Found a shimmering blue altar of Sif Muna.
  4912 | D:4      | Reached skill level 5 in Conjurations
  5015 | D:4      | Identified the +1 robe of Fedhas's Delight {Dex+3}
  5173 | D:4      | Found a white marble altar of Elyvilon.
  5459 | D:4      | Reached skill level 5 in Spellcasting
  5459 | D:4      | Reached XP level 8. HP: 41/41 MP: 10/15
  5829 | D:5      | Entered Level 5 of the Dungeon
  6166 | D:5      | Noticed Dowan
  6185 | D:6      | Slain by a phantom

Illustrated notes

Levels and vault maps discovered:
D:1:      elethiomel_arrival_maze, layout_basic
D:2:      minmay_wonky_spiral, layout_basic,
          dreamdust_ecumenical_altar_drowned_temple, serial_forest,
          infiniplex_forest_clump_double, infiniplex_forest_fountain,
          infiniplex_forest_lined_3, infiniplex_forest_lined_3,
          infiniplex_forest_clump_long, infiniplex_forest_lined_3,
          infiniplex_forest_fountain, infiniplex_forest_clump_curved,
          infiniplex_forest_lined_corner, minmay_octomino_j4
D:3:      layout_rooms, lemuel_doored_altar, nicolae_overflow_hidden_temple
D:4:      layout_cave_pods, nicolae_sif_muna_condensation, kennysheep_little_box
D:5:      lemuel_ratsnest, layout_basic, lemuel_coloured_pillars_altar,
          grunt_decor_arrowhead, minmay_shop_mass, uniq_blork_the_orc,
          uniq_duvessa
D:6:      layout_basic, uniq_sigmund

Skill      XL: |  1  2  3  4  5  6  7  8 |
---------------+-------------------------+-----
Conjurations   | 2 3 4 5 6 |  6.0
Spellcasting   | 3 4 5 |  5.3
Fire Magic     | 4 5 6 |  6.2
Dodging        | |  1.5
Stealth        | |  2.1

Action                   |  1- 3 |  4- 6 |  7- 9 || total
-------------------------+-------+-------+-------++-------
Melee: Unarmed           |    25 |       |       ||    25
       Dagger            |    16 |    14 |       ||    30
       Hand axe          |       |    37 |    14 ||    51
 Cast: Foxfire           |    58 |    87 |    93 ||   238
       Scorch            |       |     5 |    11 ||    16
  Use: Scroll            |       |       |     5 ||     5
 Stab: Sleeping          |       |     1 |     1 ||     2
Armor: Robe              |    20 |    22 |    10 ||    52
Dodge: Dodged            |    33 |    34 |    34 ||   101

Table legend: (Time is in decaauts)
 A = Elapsed time spent in this place.
 B = Non-inter-level travel time spent in this place.
 C = Inter-level travel time spent in this place.
 D = Time resting spent in this place.
 E = Time spent auto-exploring this place.
 F = Levels seen in this place.
 G = Mean time per level.
                   A        B        C        D        E       F      G
               +--------+--------+--------+--------+--------+-----+--------+
         Total |   6200 |   5885 |    315 |    146 |   4854 |   6 | 1033.3 |
       Dungeon |   6200 |   5885 |    315 |    146 |   4854 |   6 | 1033.3 |
               +--------+--------+--------+--------+--------+-----+--------+

Top non-repeatable levels by time:
     D:4: 1630 daAuts
     D:2: 1604 daAuts
     D:1: 1354 daAuts
     D:3: 1256 daAuts
     D:5: 342 daAuts
     D:6: 12 daAuts
